 Dungeon Crawl Stone Soup version 0.26-a0-863-g3bff4b215c (webtiles) character file.

Game seed: 17369850560787642582

300 karrick the Chopper (level 6, -1/46 HPs)
             Began as a Demonspawn Gladiator on Nov 26, 2020.
             Slain by an adder (3 damage)
             ... on level 4 of the Dungeon.
             The game lasted 00:04:31 (3320 turns).

karrick the Chopper (Demonspawn Gladiator)          Turns: 3320, Time: 00:04:32

Health: -1/46      AC:  7    Str: 14 (16) XL:     6   Next: 13%
Magic:  0/6        EV: 13    Int:  7 (10) God:
Gold:   203        SH:  0    Dex: 12 (14) Spells: 5/5 levels left

rFire    . . .     SeeInvis .   a - +1 war axe
rCold    . . .     Faith    .   (no shield)
rNeg     . . .     Spirit   +   b - +0 leather armour
rPois    .         Reflect  .   c - +1 helmet
rElec    .         Harm     .   p - scarf {+Inv}
rCorr    .         Rampage  .   (no gloves)
MR       .....                  (no boots)
Stlth    +.........             (no amulet)
HPRegen  0.15/turn              (no ring)
MPRegen  0.10/turn              (no ring)

@: about to teleport
A: iridescent scales 1, magic shield
a: Evoke Invisibility


You were on level 4 of the Dungeon.
You visited 1 branch of the dungeon, and saw 5 of its levels.

You collected 203 gold pieces.

Inventory:

Hand Weapons
 a - a +1 war axe (weapon)
 o - a +2 hand axe of distortion
Missiles
 d - 3 throwing nets (quivered)
 r - 6 silver javelins
Armour
 b - a +0 leather armour (worn)
 c - a +1 helmet (worn)
 p - a scarf of invisibility (worn)
 q - a +1 cloak
Scrolls
 e - 5 scrolls of remove curse
 i - 3 scrolls of enchant armour
 n - 3 scrolls of identify
Potions
 f - a potion of degeneration
 g - a potion of flight {unknown}
 h - a potion of curing {unknown}


   Skills:
 + Level 2.7 Fighting
 + Level 4.5 Axes
 + Level 1.8 Throwing
 + Level 1.9 Armour
 + Level 3.3 Dodging
 + Level 1.1 Stealth
 * Level 1.9 Evocations


You had 5 spell levels left.
You didn't know any spells.
Your spell library was empty.

Dungeon Overview and Level Annotations

Branches:
Dungeon (5/15)
 Temple: D:4-7

Altars:
Ashenzari
Dithmenos
Fedhas
Makhleb
Ru
Zin

Annotations:
D:4 Menkaure, Pikel
D:5 Sigmund


Innate Abilities, Weirdness & Mutations

You are partially covered in iridescent scales. (AC +2)
When hurt, damage is shared between your health and your magic reserves.


Message History

The orc wizard closely misses you. The adder barely misses you.
As you read the scroll labelled LUBOUREQULL, it crumbles to dust.
You feel strangely unstable.
It was a scroll of teleportation.
The orc wizard points at you and mumbles some strange words.
The magic dart hits you.
* * * LOW HITPOINT WARNING * * *
The adder barely misses you.
Unknown command.
The orc wizard casts a spell at you. The puff of flame hits you.
* * * LOW HITPOINT WARNING * * *
It was a potion of degeneration.
There was something very wrong with that liquid.
You feel weakened.
You feel dopey.
You feel clumsy. The adder closely misses you.
The orc wizard casts a spell.
The orc wizard blinks!
The orc wizard misses you.
The orc priest calls upon Beogh to heal the orc priest.
The orc priest is healed somewhat.
The adder bites you.
You die...

..........# #......# #
...[......###._8_.## .#
............#.....# ..#
..................#####....
....##........!......ยง....
#..........M.........
#.........o.o........
##.......oS#....=....
##.?.#..@##.........
##########.........
##########


You could see Menkaure (fast), 2 orc priests, an orc wizard (fast) and an adder.

Vanquished Creatures
  An ice beast (D:3)
  A howler monkey (D:3)
  An iguana (D:4)
  5 adders
  3 dart slugs (D:2)
  A worm (D:2)
  6 orcs (D:3)
  4 bats (D:1)
  A giant cockroach (D:3)
  3 hobgoblins
  2 jackals (D:3)
  2 quokkas (D:2)
  A frilled lizard (D:1)
  5 goblins
  A jackal skeleton (D:4)
  6 kobolds
  12 rats
55 creatures vanquished.

Notes
Turn   | Place    | Note
-------+----------+-------------------------------------------
     0 | D:1      | karrick the Demonspawn Gladiator began the quest for the
                  | Orb.
     0 | D:1      | Reached XP level 1. HP: 16/16 MP: 1/1
   371 | D:1      | Gained mutation: When hurt, damage is shared between your
                  | health and your magic reserves. [demonic ancestry]
   371 | D:1      | Reached XP level 2. HP: 16/22 MP: 2/2
  1095 | D:2      | Reached skill level 3 in Axes
  1186 | D:2      | Reached XP level 3. HP: 24/27 MP: 1/3
  1254 | D:2      | Found a broken altar of Ashenzari.
  1606 | D:2      | Reached skill level 1 in Armour
  2004 | D:2      | Found a burning altar of Makhleb.
  2004 | D:2      | Found a glowing silver altar of Zin.
  2005 | D:2      | Noticed an angel
  2005 | D:2      | Noticed a balrug
  2116 | D:3      | Gained mutation: You are partially covered in iridescent
                  | scales. (AC +2) [demonic ancestry]
  2116 | D:3      | Reached XP level 4. HP: 34/34 MP: 4/4
  2474 | D:3      | Reached skill level 1 in Evocations
  2478 | D:3      | Found a shadowy altar of Dithmenos.
  2688 | D:3      | Reached skill level 4 in Axes
  2688 | D:3      | Reached XP level 5. HP: 34/39 MP: 3/5
  2832 | D:4      | Noticed Pikel
  2832 | D:4      | Noticed a lemure
  2832 | D:4      | Noticed a lemure
  2849 | D:4      | Noticed a lemure
  2855 | D:5      | Entered Level 5 of the Dungeon
  2855 | D:5      | Noticed Sigmund
  2855 | D:5      | Noticed a phantom
  2866 | D:4      | Noticed a lemure
  2939 | D:4      | Noticed an ice beast
  2957 | D:3      | Killed an ice beast
  2958 | D:3      | Reached skill level 1 in Stealth
  3266 | D:4      | Reached XP level 6. HP: 46/46 MP: 6/6
  3272 | D:4      | Found a blossoming altar of Fedhas.
  3284 | D:4      | Found a sacrificial altar of Ru.
  3311 | D:4      | Noticed Menkaure
  3319 | D:4      | HP: 2/46 [orc wizard/puff of flame (6)]
  3320 | D:4      | Slain by an adder

Illustrated notes

Levels and vault maps discovered:
D:1:      evilmike_arrival_plus, layout_loops_ring
D:2:      layout_basic, grunt_temple_overflow_order_and_chaos_2,
          ashenzari_conservatory_becter
D:3:      layout_loops_ring, grunt_dithmenos_smoke_and_mirrors
D:4:      minmay_chambers_of_fours, layout_rooms,
          chequers_temple_overflow_statue_of_worship, uniq_menkaure, uniq_pikel
D:5:      layout_basic, nicolae_qazlal_style_of_elements, temple_fountains,
          minmay_misc_feat_doors, uniq_eustachio, uniq_sigmund

Skill      XL: |  1  2  3  4  5 |
---------------+----------------+-----
Dodging        | 3 |  3.3
Axes           | 3 4 |  4.5
Armour         | 1 |  1.9
Evocations     | 1 |  1.9
Stealth        | 1 |  1.1
Fighting       | |  2.7
Throwing       | |  1.8

Action                   |  1- 3 |  4- 6 || total
-------------------------+-------+-------++-------
Melee: War axe           |   116 |    28 ||   144
       Hand axe          |       |    31 ||    31
  Use: Scroll            |       |     7 ||     7
       Potion            |       |     3 ||     3
 Stab: Sleeping          |     2 |     1 ||     3
Armor: Leather armour    |    35 |    27 ||    62
Dodge: Dodged            |    86 |    65 ||   151

Table legend: (Time is in decaauts)
 A = Elapsed time spent in this place.
 B = Non-inter-level travel time spent in this place.
 C = Inter-level travel time spent in this place.
 D = Time resting spent in this place.
 E = Time spent auto-exploring this place.
 F = Levels seen in this place.
 G = Mean time per level.
                   A        B        C        D        E       F      G
               +--------+--------+--------+--------+--------+-----+--------+
         Total |   3371 |   3282 |     89 |    325 |   2426 |   5 |  674.2 |
       Dungeon |   3371 |   3282 |     89 |    325 |   2426 |   5 |  674.2 |
               +--------+--------+--------+--------+--------+-----+--------+

Top non-repeatable levels by time:
     D:2: 1103 daAuts
     D:3: 1095 daAuts
     D:1: 1009 daAuts
     D:4: 161 daAuts
     D:5: 1 daAuts
